AoeStats
← Lil Fabrice

MegaRandom

505896038Analyzed
1v1 RM · 21d ago on Sep 11, 2026· 33m 17s· 2 players
Game mode
Random Map
Map size
Tiny (2 player)
Population
200
Speed
Normal
Resources
Standard
Victory
Conquest
Starting age
Dark Age
Ending age
Imperial Age
RankedLock teamsTeams togetherTeam positionsShared explorationLock speedFull tech treeHidden civsTurbo modeCheats
Victory
Defeat
🇩🇪 Mongols · Germany
1581
+15
🇫🇷 Hindustanis · France
1549
-15
Lil Fabrice
0:30 Loom
9:02 Feudal Age
10:53 Double-Bit Axe
11:36 Horse Collar
16:27 Fletching
16:39 Padded Archer Armor
19:53 Fishing Lines
20:40 Bloodlines
20:42 Forging
20:38 Scale Barding Armor
21:23 Wheelbarrow
20:34 Town Watch
24:00 Castle Age
23:20 Fishing Lines
23:46 Gold Mining
24:21 Light Cavalry
25:02 Husbandry
25:26 Chain Barding Armor
26:59 Medium Warships
27:48 Iron Casting
30:42 Bow Saw
31:57 Stone Mining
33:20 Gold Shaft Mining
Dr. Agon Star
0:28 Loom
9:24 Feudal Age
9:59 Double-Bit Axe
14:52 Castle Age
14:15 Gold Mining
14:25 Horse Collar
17:23 Bow Saw
25:36 Bloodlines
26:32 Husbandry
26:36 Padded Archer Armor
26:28 Fletching
27:33 Bodkin Arrow
28:48 Ballistics
30:59 Wheelbarrow
32:25 Padded Archer Armor
Connection lost

Rejoining the realm…

Still unreachable

The connection could not be restored.

Session expired

The server has moved on; the page needs a fresh start.